TOP OF THE 1ST |
Detroit X-Wings batting - Pitching for Blueville 83's : LHP José Zamora
|
Pitching: LHP José Zamora
|
|
Batting: SHB Jason Mason
|
0-0: Ball 1-0: SINGLE (Groundball, 56D)
|
Batting: RHB José Pérez
|
0-0: Ball Jason Mason is caught stealing 2nd base 1-0: Swinging Strike 1-1: Fly out, F9 (Line Drive, 89D)
|
Batting: LHB Juan Jose Pineda
|
0-0: Called Strike 0-1: Called Strike 0-2: Ball 1-2: Foul Ball, location: 2F 1-2: Strikes out swinging
|
Top of the 1st over - 0 runs, 1 hit, 0 errors, 0 left on base; Detroit 0 - Blueville 0 |
BOTTOM OF THE 1ST |
Blueville 83's batting - Pitching for Detroit X-Wings : RHP Jeremias Pereirinha
|
Pitching: RHP Jeremias Pereirinha
|
|
Batting: SHB Joe Emery
|
0-0: Ball 1-0: Ball 2-0: Foul Ball, location: 2F 2-1: Fly out, F7 (Flyball, 7D)
|
Batting: SHB Joaquín López
|
0-0: Ball 1-0: Called Strike 1-1: Fly out, F9 (Line Drive, 9LM)
|
Batting: RHB Vicente Valentín
|
0-0: Reached on error, E5 (Groundball, 56)
|
Batting: SHB Bob Noble
|
0-0: Ball 1-0: Fly out, F8 (Flyball, 8LD)
|
Bottom of the 1st over - 0 runs, 0 hits, 1 error, 1 left on base; Detroit 0 - Blueville 0 |
TOP OF THE 2ND |
Detroit X-Wings batting - Pitching for Blueville 83's : LHP José Zamora
|
Batting: SHB Barrett Bowden
|
0-0: Ball 1-0: Ground out 5-3 (Groundball, 56)
|
Batting: RHB Donato Gozende
|
0-0: Ball 1-0: Ball 2-0: Fly out, F8 (Flyball, 89D)
|
Batting: SHB Felipe Detorres
|
0-0: Ball 1-0: Ball 2-0: Foul Ball, location: 2F 2-1: Called Strike 2-2: Ball 3-2: Strikes out looking
|
Top of the 2nd over - 0 runs, 0 hits, 0 errors, 0 left on base; Detroit 0 - Blueville 0 |
BOTTOM OF THE 2ND |
Blueville 83's batting - Pitching for Detroit X-Wings : RHP Jeremias Pereirinha
|
Batting: LHB Lorenzo Villa
|
0-0: Ball 1-0: Ball 2-0: Foul Ball, location: 2F 2-1: Fly out, F9 (Flyball, 9LS)
|
Batting: LHB Bob Martin
|
0-0: Called Strike 0-1: Foul Ball, location: 2F 0-2: SINGLE (Line Drive, 8LS)
|
Batting: LHB António Glaviz
|
0-0: Ball 1-0: Ball 2-0: Foul Ball, location: 2F 2-1: Foul Ball, location: 2F 2-2: Strikes out swinging
|
Batting: RHB Lorenzo Guzmán
|
0-0: Ball 1-0: Ball 2-0: Called Strike 2-1: Called Strike 2-2: Strikes out swinging
|
Bottom of the 2nd over - 0 runs, 1 hit, 0 errors, 1 left on base; Detroit 0 - Blueville 0 |
TOP OF THE 3RD |
Detroit X-Wings batting - Pitching for Blueville 83's : LHP José Zamora
|
Batting: RHB Alfredo Villegas
|
0-0: Called Strike 0-1: Foul Ball, location: 2F 0-2: Strikes out looking
|
Batting: RHB Daniel Riddle
|
0-0: Ball 1-0: Foul Ball, location: 2F 1-1: Called Strike 1-2: Ground out 6-3 (Groundball, 56)
|
Batting: LHB Leslie Adams
|
0-0: SINGLE (Groundball, 3D)
|
Batting: SHB Jason Mason
|
0-0: Foul Ball, location: 2F 0-1: Swinging Strike 0-2: SINGLE (Groundball, 6MD) Leslie Adams to second Runner from 2nd tries for 3rd, SAFE, no throw
|
Batting: RHB José Pérez
|
0-0: Called Strike 0-1: Called Strike 0-2: Fly out, F9 (Flyball, 9D)
|
Top of the 3rd over - 0 runs, 2 hits, 0 errors, 2 left on base; Detroit 0 - Blueville 0 |
BOTTOM OF THE 3RD |
Blueville 83's batting - Pitching for Detroit X-Wings : RHP Jeremias Pereirinha
|
Batting: LHB Keith Tillman
|
0-0: Fly out, F9 (Flyball, 9)
|
Batting: SHB Joe Emery
|
0-0: Called Strike 0-1: Ball 1-1: SINGLE (Line Drive, 8RS)
|
Batting: SHB Joaquín López
|
0-0: Called Strike 0-1: Called Strike 0-2: Grounds into double play, 6-4-3 (Groundball, 6M)
|
Bottom of the 3rd over - 0 runs, 1 hit, 0 errors, 0 left on base; Detroit 0 - Blueville 0 |
TOP OF THE 4TH |
Detroit X-Wings batting - Pitching for Blueville 83's : LHP José Zamora
|
Batting: LHB Juan Jose Pineda
|
0-0: Ball 1-0: Swinging Strike 1-1: Ball 2-1: SOLO HOME RUN (Line Drive, 9LD), Distance : 348 ft
|
Batting: SHB Barrett Bowden
|
0-0: Swinging Strike 0-1: Foul Ball, location: 2F 0-2: Ball 1-2: SOLO HOME RUN (Flyball, 7LD), Distance : 343 ft
|
Batting: RHB Donato Gozende
|
0-0: Ball 1-0: Ball 2-0: Ground out 4-3 (Groundball, 34D)
|
Batting: SHB Felipe Detorres
|
0-0: Foul Ball, location: 2F 0-1: Reached on error, E1 (Groundball, 15S)
|
Batting: RHB Alfredo Villegas
|
0-0: Ball 1-0: Called Strike 1-1: Foul Ball, location: 2F 1-2: Ball 2-2: Strikes out swinging
|
Batting: RHB Daniel Riddle
|
0-0: Called Strike 0-1: Swinging Strike 0-2: Strikes out swinging
|
Top of the 4th over - 2 runs, 2 hits, 1 error, 1 left on base; Detroit 2 - Blueville 0 |
BOTTOM OF THE 4TH |
Blueville 83's batting - Pitching for Detroit X-Wings : RHP Jeremias Pereirinha
|
Batting: RHB Vicente Valentín
|
0-0: Ball 1-0: Ball 2-0: SOLO HOME RUN (Flyball, 7D), Distance : 401 ft
|
Batting: SHB Bob Noble
|
0-0: Ball 1-0: Foul Ball, location: 2F 1-1: Ground out 5-3 (Groundball, 56)
|
Batting: LHB Lorenzo Villa
|
0-0: Foul Ball, location: 2F 0-1: Swinging Strike 0-2: Ball 1-2: SINGLE (Line Drive, 9S)
|
Batting: LHB Bob Martin
|
0-0: Foul Ball, location: 2F 0-1: DOUBLE (Flyball, 8RXD) Lorenzo Villa to third
|
Batting: LHB António Glaviz
|
0-0: Ball 1-0: Ball 2-0: Ball 3-0: DOUBLE (Line Drive, 89XD) Lorenzo Villa scores Bob Martin scores
|
Batting: RHB Lorenzo Guzmán
|
0-0: Swinging Strike 0-1: DOUBLE (Line Drive, 78D) António Glaviz scores
|
Batting: LHB Keith Tillman
|
0-0: Called Strike 0-1: Ball 1-1: Fly out, F8 (Flyball, 8LM)
|
Batting: SHB Joe Emery
|
0-0: Ball 1-0: Called Strike 1-1: Ball 2-1: Ground out U3 (Groundball, 34)
|
Bottom of the 4th over - 4 runs, 5 hits, 0 errors, 1 left on base; Detroit 2 - Blueville 4 |
TOP OF THE 5TH |
Detroit X-Wings batting - Pitching for Blueville 83's : LHP José Zamora
|
Batting: LHB Leslie Adams
|
0-0: Swinging Strike 0-1: Called Strike 0-2: Strikes out swinging
|
Batting: SHB Jason Mason
|
0-0: Ball 1-0: Called Strike 1-1: Foul Ball, location: 2F 1-2: Ball 2-2: Ball 3-2: SINGLE (Groundball, 34D)
|
Batting: RHB José Pérez
|
0-0: Ball 1-0: Called Strike 1-1: Called Strike 1-2: Fielders Choice at 2nd, 1-6 (Groundball, 13S)
|
Batting: LHB Juan Jose Pineda
|
0-0: Ball Balk! José Pérez to second 1-0: Called Strike 1-1: Called Strike 1-2: SINGLE (Groundball, 6D) José Pérez to third Runner from 3rd tries for Home, SAFE, no throw
|
Batting: SHB Barrett Bowden
|
0-0: Ball 1-0: Foul Ball, location: 2F 1-1: Ball 2-1: Foul Ball, location: 2F 2-2: SINGLE (Flyball, 8RS) Juan Jose Pineda to second
|
Batting: RHB Donato Gozende
|
0-0: Called Strike 0-1: Fly out, F6 (Popup, 6)
|
Top of the 5th over - 1 run, 3 hits, 0 errors, 2 left on base; Detroit 3 - Blueville 4 |
BOTTOM OF THE 5TH |
Blueville 83's batting - Pitching for Detroit X-Wings : RHP Jeremias Pereirinha
|
Batting: SHB Joaquín López
|
0-0: Swinging Strike 0-1: Foul Ball, location: 2F 0-2: SINGLE (Line Drive, 7S)
|
Batting: RHB Vicente Valentín
|
0-0: Called Strike 0-1: Ball 1-1: 2-RUN HOME RUN (Flyball, 7D), Distance : 382 ft
|
Batting: SHB Bob Noble
|
0-0: Ball 1-0: DOUBLE (Line Drive, 9LD)
|
Batting: LHB Lorenzo Villa
|
0-0: Ball 1-0: Called Strike 1-1: Called Strike 1-2: Ball 2-2: Ball 3-2: Foul Ball, location: 2F 3-2: 2-RUN HOME RUN (Flyball, 9LD), Distance : 360 ft
|
Batting: LHB Bob Martin
|
0-0: Called Strike 0-1: Ball 1-1: SINGLE (Line Drive, 8LS)
|
Pitching: RHP Dylan Versluis
|
|
Batting: LHB António Glaviz
|
0-0: Ball 1-0: Ball 2-0: Ball 3-0: Base on Balls Bob Martin to second
|
Batting: RHB Lorenzo Guzmán
|
0-0: Foul Ball, location: 2F 0-1: Fly out, F7 (Flyball, 7LS)
|
Batting: LHB Keith Tillman
|
0-0: Ball 1-0: Called Strike 1-1: SINGLE (Groundball, 34) (infield hit) Bob Martin to third António Glaviz to second
|
Batting: SHB Joe Emery
|
0-0: Ball 1-0: Ball 2-0: Ball 3-0: Called Strike 3-1: Fly out, F9 (Flyball, 9LS) Runner from 3rd tags up, SCORES, throw made
|
Now in RF: Enrique Aguilar
|
|
Batting: SHB Joaquín López
|
0-0: Swinging Strike 0-1: Foul Ball, location: 2F 0-2: SINGLE (Flyball, 9S) António Glaviz to third Keith Tillman to second Runner from 3rd tries for Home, SAFE, throw made home
|
Batting: RHB Vicente Valentín
|
0-0: Foul Ball, location: 2F 0-1: Foul Ball, location: 2F 0-2: Strikes out swinging
|
Bottom of the 5th over - 6 runs, 7 hits, 0 errors, 2 left on base; Detroit 3 - Blueville 10 |
TOP OF THE 6TH |
Detroit X-Wings batting - Pitching for Blueville 83's : LHP José Zamora
|
Batting: SHB Felipe Detorres
|
0-0: Called Strike 0-1: Ball 1-1: Fly out, F6 (Line Drive, 6)
|
Batting: RHB Alfredo Villegas
|
0-0: Ball 1-0: Ball 2-0: Foul Ball, location: 2F 2-1: Swinging Strike 2-2: Ground out 6-3 (Groundball, 6)
|
Batting: RHB Daniel Riddle
|
0-0: Called Strike 0-1: Ball 1-1: Ball 2-1: Swinging Strike 2-2: SINGLE (Groundball, 6D)
|
Batting: RHB Enrique Aguilar
|
0-0: Foul Ball, location: 2F 0-1: Ball 1-1: Ball 2-1: SINGLE (Groundball, 56D) Daniel Riddle to second
|
Batting: SHB Jason Mason
|
0-0: Foul Ball, location: 2F 0-1: Fly out, F9 (Line Drive, 9)
|
Top of the 6th over - 0 runs, 2 hits, 0 errors, 2 left on base; Detroit 3 - Blueville 10 |
BOTTOM OF THE 6TH |
Blueville 83's batting - Pitching for Detroit X-Wings : RHP Dylan Versluis
|
Batting: SHB Bob Noble
|
0-0: Called Strike 0-1: Ball 1-1: Called Strike 1-2: Ball 2-2: Ball 3-2: SINGLE (Line Drive, 3D)
|
Batting: LHB Lorenzo Villa
|
0-0: Called Strike Bob Noble steals 2nd base 0-1: Ball 1-1: Ball 2-1: Ball 3-1: Foul Ball, location: 2F 3-2: Ground out 4-3 (Groundball, 4D) Bob Noble to third
|
Batting: LHB Bob Martin
|
0-0: Called Strike 0-1: Called Strike 0-2: Ball 1-2: Ground out U3 (Groundball, 3)
|
Batting: LHB António Glaviz
|
0-0: SINGLE (Flyball, 78S) Bob Noble scores
|
Batting: RHB Lorenzo Guzmán
|
0-0: Ball 1-0: Swinging Strike 1-1: Ball 2-1: Foul Ball, location: 2F 2-2: Strikes out swinging
|
Bottom of the 6th over - 1 run, 2 hits, 0 errors, 1 left on base; Detroit 3 - Blueville 11 |
TOP OF THE 7TH |
Detroit X-Wings batting - Pitching for Blueville 83's : LHP José Zamora
|
Batting: RHB José Pérez
|
0-0: Called Strike 0-1: Ball 1-1: Foul Ball, location: 2F 1-2: Ground out 6-3 (Groundball, 6)
|
Batting: LHB Juan Jose Pineda
|
0-0: Fly out, F9 (Flyball, 89S)
|
Batting: SHB Barrett Bowden
|
0-0: Foul Ball, location: 2F 0-1: SINGLE (Groundball, 56D)
|
Pitching: LHP Li-xue Si-ma
|
|
Batting: RHB Donato Gozende
|
0-0: Ball 1-0: Foul Ball, location: 2F 1-1: Ball 2-1: Ball 3-1: Called Strike 3-2: Foul Ball, location: 2F 3-2: Ground out 3-1 (Groundball, 34)
|
Top of the 7th over - 0 runs, 1 hit, 0 errors, 1 left on base; Detroit 3 - Blueville 11 |
BOTTOM OF THE 7TH |
Blueville 83's batting - Pitching for Detroit X-Wings : RHP Dylan Versluis
|
Batting: LHB Keith Tillman
|
0-0: Called Strike 0-1: Fly out, F8 (Flyball, 8LD)
|
Batting: SHB Joe Emery
|
0-0: Ball 1-0: SINGLE (Groundball, 56D)
|
Batting: SHB Joaquín López
|
0-0: Ball 1-0: Called Strike 1-1: Ball 2-1: Foul Ball, location: 2F 2-2: Ball 3-2: SINGLE (Line Drive, 7S) Joe Emery to second
|
Batting: RHB Vicente Valentín
|
0-0: Fly out, F3 (Popup, 23F)
|
Batting: SHB Bob Noble
|
0-0: Called Strike 0-1: Ball 1-1: DOUBLE (Line Drive, 9D) Joe Emery scores Joaquín López to third Runner from 3rd tries for Home, SAFE, no throw
|
Pinch Hitting: RHB Eric Johnson
|
0-0: Foul Ball, location: 2F 0-1: Ball 1-1: Swinging Strike 1-2: Foul Ball, location: 2F 1-2: Foul Ball, location: 2F 1-2: Ball 2-2: Ball 3-2: SINGLE (Groundball, 56D) Bob Noble to third Bob Noble scores
|
Batting: LHB Bob Martin
|
0-0: Swinging Strike Balk! Eric Johnson to second 0-1: Ball 1-1: Ball 2-1: Foul Ball, location: 2F 2-2: Ground out 4-3 (Groundball, 34)
|
Bottom of the 7th over - 3 runs, 4 hits, 0 errors, 1 left on base; Detroit 3 - Blueville 14 |
TOP OF THE 8TH |
Detroit X-Wings batting - Pitching for Blueville 83's : LHP Li-xue Si-ma
|
Now at 1B: Jonathan MacVey
|
|
Batting: SHB Felipe Detorres
|
0-0: Ball 1-0: Ball 2-0: Foul Ball, location: 2F 2-1: Fly out, F5 (Popup, 56)
|
Batting: RHB Alfredo Villegas
|
0-0: Ball 1-0: Swinging Strike 1-1: Ball 2-1: Called Strike 2-2: Ball 3-2: Base on Balls
|
Batting: RHB Daniel Riddle
|
0-0: SINGLE (Groundball, 6S) (infield hit) Alfredo Villegas to second
|
Batting: RHB Enrique Aguilar
|
0-0: Called Strike 0-1: Ground out 5-3 (Groundball, 56S) Alfredo Villegas to third Daniel Riddle to second
|
Batting: SHB Jason Mason
|
0-0: Ball 1-0: Foul Ball, location: 2F 1-1: Ball 2-1: Swinging Strike 2-2: Foul Ball, location: 2F 2-2: Strikes out swinging
|
Top of the 8th over - 0 runs, 1 hit, 0 errors, 2 left on base; Detroit 3 - Blueville 14 |
BOTTOM OF THE 8TH |
Blueville 83's batting - Pitching for Detroit X-Wings : RHP Dylan Versluis
|
Pitching: LHP Clarence Skerratt
|
|
Batting: LHB António Glaviz
|
0-0: Ball 1-0: Called Strike 1-1: Foul Ball, location: 2F 1-2: Ball 2-2: Ball 3-2: Foul Ball, location: 2F 3-2: Base on Balls
|
Batting: RHB Lorenzo Guzmán
|
0-0: Foul Ball, location: 2F 0-1: Ball 1-1: 2-RUN HOME RUN (Flyball, 7D), Distance : 386 ft
|
Batting: LHB Keith Tillman
|
0-0: SINGLE (Flyball, 6MD)
|
Batting: SHB Joe Emery
|
0-0: Ball 1-0: Foul Ball, location: 2F 1-1: Ball 2-1: Foul Ball, location: 2F 2-2: Foul Ball, location: 2F 2-2: Ball 3-2: SINGLE (Line Drive, 56) Keith Tillman to second
|
Batting: SHB Joaquín López
|
0-0: Called Strike 0-1: Foul Ball, location: 2F 0-2: Ball 1-2: Grounds into double play, 6-4-3 (Groundball, 6) Keith Tillman to third
|
Batting: RHB Vicente Valentín
|
0-0: Ball 1-0: Foul Ball, location: 2F 1-1: Fly out, F6 (Flyball, 4MD)
|
Bottom of the 8th over - 2 runs, 3 hits, 0 errors, 1 left on base; Detroit 3 - Blueville 16 |
TOP OF THE 9TH |
Detroit X-Wings batting - Pitching for Blueville 83's : LHP Li-xue Si-ma
|
Batting: RHB José Pérez
|
0-0: Called Strike 0-1: Foul Ball, location: 2F 0-2: Strikes out swinging
|
Batting: LHB Juan Jose Pineda
|
0-0: Ball 1-0: Foul Ball, location: 2F 1-1: Foul Ball, location: 2F 1-2: Ball 2-2: Strikes out swinging
|
Batting: SHB Barrett Bowden
|
0-0: Ball 1-0: Ball 2-0: Ball 3-0: Base on Balls
|
Batting: RHB Donato Gozende
|
0-0: Swinging Strike 0-1: Swinging Strike 0-2: Ball 1-2: Foul Ball, location: 2F 1-2: Ball 2-2: Foul Ball, location: 2F 2-2: Strikes out swinging
|
Top of the 9th over - 0 runs, 0 hits, 0 errors, 1 left on base; Detroit 3 - Blueville 16 |
|